 Dungeon Crawl Stone Soup version 0.28-a0-479-g5baa6b73be (webtiles) character file.

Game seed: 9210987125393504519

37 marklar909 the Cudgeller (level 3, -1/31 HPs)
             Began as a Palentonga Monk on Sept 18, 2021.
             Killed from afar by a dart slug (5 damage)
             ... with a slug dart
             ... on level 2 of the Dungeon.
             The game lasted 00:01:38 (2116 turns).

marklar909 the Cudgeller (Palentonga Monk)          Turns: 2116, Time: 00:01:39

Health: -1/31      AC:  4    Str: 15    XL:     3   Next: 21%
Magic:  3/3        EV: 10    Int: 10    God:
Gold:   72         SH:  0    Dex: 12    Spells: 2/2 levels left

rFire   . . .      SeeInvis +   a - +0 mace
rCold   . . .      Faith    .   (no shield)
rNeg    . . .      Spirit   .   b - +0 robe
rPois   .          Reflect  .   (no helmet)
rElec   .          Harm     .   (no cloak)
rCorr   .          Rampage  .   (no gloves)
Will    .....                   (no barding)
Stlth   ++........              (no amulet)
HPRegen 0.10/turn               (no ring)
MPRegen 0.08/turn               (no ring)

@: no status effects
A: large, rugged brown scales 3, see invisible, deformed body, roll 1, armoured
tail
a: Rolling Charge


You were on level 2 of the Dungeon.
You visited 1 branch of the dungeon, and saw 3 of its levels.

You collected 72 gold pieces.

Inventory:

Hand Weapons
 a - a +0 mace (weapon)
Missiles
 c - a throwing net
 e - 80 stones (quivered)
Armour
 b - a +0 robe (worn)
Scrolls
 f - a scroll of torment {unknown}
 g - 2 scrolls of identify {unknown}
 h - a scroll of acquirement {unknown}
Potions
 d - a potion of flight {unknown}
 i - a potion of lignification {unknown}


   Skills:
 + Level 3.3 Fighting
 + Level 3.6 Maces & Flails
 + Level 2.9 Dodging
 + Level 1.2 Stealth


You had 2 spell levels left.
You didn't know any spells.
Your spell library contained the following spells:

 Spells                   Type           Power      Damage    Failure   Level
 Dazzling Flash           Conj/Hex       0%         N/A       75%         3
 Iskenderun's Mystic Bla  Conj/Tloc      0%         2d3       98%         4
 Starburst                Conj/Fire      0%         6d3       100%        6


Dungeon Overview and Level Annotations

Branches:
Dungeon (3/15)

Altars:

Shops:
D:2 (


Innate Abilities, Weirdness & Mutations

You are completely covered in rugged brown scales. (AC +3, +7% HP)
You have supernaturally acute eyesight. (SInv)
Armour fits poorly on your strangely shaped body.
You can roll at nearby foes to attack.
You have a long armoured tail.


Message History

The sky beast barely misses you.
Unknown command.
You barely miss the sky beast.
The sky beast is lightly wounded.
The sky beast hits you but does no damage.
Unknown command.
You barely miss the sky beast.
The sky beast is lightly wounded.
The sky beast barely misses you. The sky beast hits you.
The sky beast shocks you.
Unknown command.
You hit the sky beast but do no damage.
You tail-slap the sky beast, but do no damage.
The sky beast is lightly wounded.
The dart slug launches a dart at you. The slug dart hits you.
The sky beast hits you. The sky beast shocks you.
Unknown command.
You are too injured to fight recklessly!
Unknown command.
You are too injured to fight recklessly!
The sky beast hits you but does no damage.
The dart slug launches a dart at you. The slug dart misses you.
You climb upwards.
There is a stone staircase leading down here.
Unknown command.
The sky beast evades a web.
The dart slug evades a web.
Press: ? - help, v - describe, . - travel
Here: a sky beast (lightly wounded)
The floor.
There are monsters nearby!
The sky beast flickers out of sight for a moment.
The sky beast hits you.
* * * LOW HITPOINT WARNING * * *
The sky beast shocks you.
* * * LOW HITPOINT WARNING * * *
The dart slug launches a dart at you. The slug dart hits you.
You die...

#.###.######.# #......(..##.#
#.........##.####
#...............###############
#..............................
#.........##....######...######
#.#####.####....# #...#
#.....#.## #....# #...#
#######....###..@.# ########
...........'.'....# #......#
#######...^..#w.Y.# #......#
#.......)†._..#.######......#####
#.#####).>..^........'...........
#.#.......#...#.######......#####
#.#.......#.#.#.# #......#
#.#.........#.#.# #......#
#.#......##.#.#.# ########


You could see a sky beast (invisible) and a dart slug.

Vanquished Creatures
  An adder (D:2)
  A worm (D:2)
  2 dart slugs
  2 ball pythons (D:1)
  2 goblins
  2 hobgoblins
  3 kobolds
  2 quokkas (D:1)
  2 bats (D:1)
  3 rats
20 creatures vanquished.

Notes
Turn   | Place    | Note
-------+----------+-------------------------------------------
     0 | D:1      | marklar909 the Palentonga Monk began the quest for the Orb.
     0 | D:1      | Reached XP level 1. HP: 19/19 MP: 1/1
   344 | D:1      | Reached XP level 2. HP: 20/25 MP: 2/2
  1185 | D:2      | Found a faded altar of an unknown god.
  1319 | D:2      | Found Yngyg's Antique Weapon Boutique.
  1323 | D:2      | Reached XP level 3. HP: 31/31 MP: 3/3
  2010 | D:3      | Noticed a sky beast
  2116 | D:2      | Killed from afar by a dart slug

Illustrated notes

Levels and vault maps discovered:
D:1:      lightli_arrival_quake, layout_loops_ring, minmay_misc_feat_rugged,
          minmay_misc_feat_doors, chequers_serial_rivers_small_b,
          minmay_split_cup_small
D:2:      layout_basic, ebering_ecumenical_altar_webs, serial_shops,
          nicolae_diamond_shop
D:3:      layout_rooms, serial_shops, nicolae_square_shop, uniq_terence

Action                   || total
-------------------------++-------
Melee: Mace              ||    67
       Tailslap          ||     7
Throw: Stone             ||    19
 Abil: Rolling Charge    ||     1
Armor: Robe              ||    33
Dodge: Dodged            ||    38

Table legend: (Time is in decaauts)
 A = Elapsed time spent in this place.
 B = Non-inter-level travel time spent in this place.
 C = Inter-level travel time spent in this place.
 D = Time resting spent in this place.
 E = Time spent auto-exploring this place.
 F = Levels seen in this place.
 G = Mean time per level.
                   A        B        C        D        E       F      G
               +--------+--------+--------+--------+--------+-----+--------+
         Total |   2136 |   2003 |    133 |    474 |   1321 |   3 |  712.0 |
       Dungeon |   2136 |   2003 |    133 |    474 |   1321 |   3 |  712.0 |
               +--------+--------+--------+--------+--------+-----+--------+

Top non-repeatable levels by time:
     D:1: 1101 daAuts
     D:2: 1015 daAuts
     D:3: 19 daAuts
